woodfighter, chaotic female sylph Ranger .---- ## ----- |....* * |...| ` ..a..#` * |...| *#+@>.| # # |<..| ###-|--- ### # |...| # #### # * ------------- --|-- ### # ### ##-`.........`| # # ### # ......`.....| ## ####%### ###########....-----...| # % #--.-.---# |..%|.{.|...| ### # |......|# |..`.{.{|`..| # # |......+# |...|.{.|...| ## # |......| |...--.--...| ---.----# |..%....####|.....`......` |....%.|## -------- #|`.........`| |...%...# #---------.--- |......| ## ########## |....... `################ -------- woodfighter the Trailblazer Experience level: 6 Strength: 16 Dexterity: 10 Constitution: 15 Intelligence: 14 Wisdom: 14 Charisma: 6 Health: 0(43) Energy: 37(37) Def: 3 Gold: 766 Moves: 3151 Dungeon seed: HcFiwYB49wmAWGht Game ID: woodfighter_1472106819 Your Inventory: Coins $ - 766 gold pieces Weapons a - a +2 bow (weapon in hand) b - 51 +2 arrows (in quiver) c - 38 +0 arrows d - a blessed +1 dagger q - 4 +0 darts y - 10 +0 elven arrows Q - 10 +0 silver arrows Armor e - an uncursed +2 cloak of displacement (being worn) n - an uncursed +0 dwarvish cloak Comestibles f - 3 uncursed cram rations k - an uncursed sprig of wolfsbane o - an uncursed cream pie M - 2 uncursed eucalyptus leaves W - an uncursed lizard corpse Scrolls j - an uncursed scroll of destroy armor l - an uncursed scroll of enchant weapon p - a cursed scroll of remove curse u - 2 uncursed scrolls of gold detection H - 2 uncursed scrolls of identify R - an uncursed scroll of enchant armor Z - a blessed scroll of confuse monster Spellbooks A - an uncursed spellbook of extra healing Potions h - an uncursed potion of gain energy i - 2 uncursed potions of healing m - a blessed potion of fruit juice v - a blessed potion of sickness J - an uncursed potion of water L - a blessed potion of gain ability P - an uncursed potion of gain level S - an uncursed potion of levitation Rings B - a cursed ring of shock resistance Wands g - a wand of slow monster (0:3) Spells and supernatural/magical abilities: Name Level Category Fail Memory W - pray for help -- divine ? -- Your skills at the end: Miscellaneous Skills wands [Basic] Weapon Skills dagger [Basic] bow [Basic] Spellcasting Skills Final Attributes: You were piously aligned. You saw invisible. You had automatic searching. You had infravision. You were displaced. You were stealthy. You were protected from shape changers. You are dead. Vanquished creatures: a leprechaun a lizard a rock piercer a gnomish wizard a gray ooze 4 giant ants 2 kittens a kobold shaman 3 iguanas 4 rothes a monkey 5 orc zombies 2 dwarf zombies a coyote a gas spore 2 hobbits an acid blob 4 geckos 2 giant rats a cave spider a red mold a gnome 4 jackals 2 foxes 2 newts a sewer rat 2 grid bugs 2 lichens 54 creatures vanquished. Voluntary challenges: You were vegetarian. You had followed a strict vegan diet until turn 2556. You did not adorn yourself with jewelry or accessories. You used a wielded weapon 5 times, starting on turn 2085. You did not use tools. You were illiterate. You never genocided any monsters. You never polymorphed an object. You never changed form. You used no wishes. You never split a pudding. You never wrote Elbereth's name. You never violated your personal moral code. Dungeon overview: The Dungeons of Doom: levels 1 to 8 Level 1 a long staircase Level 2 a potion shop, an altar to Mercury, a sink a long staircase Level 3 a fountain Level 4 Level 5 ( ) an altar to Mercury Level 6 Level 7 <- You were here many fountains Level 8 History has recorded: On T:1 you entered the Dungeons of Doom to retrieve the Amulet of Yendor! On T:160 you reached level 2 of The Dungeons of Doom. On T:569 you reached level 3 of The Dungeons of Doom. On T:1059 you reached level 4 of The Dungeons of Doom. On T:1139 you advanced to experience level 2. On T:1333 you reached level 5 of The Dungeons of Doom. On T:1651 you advanced to experience level 3. On T:1687 you reached level 6 of The Dungeons of Doom. On T:1877 you advanced to experience level 4. On T:2381 you advanced to experience level 5. On T:2719 you reached level 7 of The Dungeons of Doom. On T:2912 you reached level 8 of The Dungeons of Doom. On T:3049 you advanced to experience level 6. Score breakdown: Gold: 766 ( 76 points) Experience: 6 levels ( 500 points) Exploration: 8 levels ( 210 points) Discoveries: 1 item ( 50 points) Variety of kills: 28 monsters ( 1400 points) Major goal: (nothing yet) ( 0 points) Survival: died (score multiplied by 3) Total score: 6708 Latest messages: You see here 6 rocks. You see here 8 rocks. You stop exploring. (2x) The lizard bites! You shoot 2 arrows. The 1st arrow hits the lizard! The 2nd arrow hits the lizard. You kill the lizard! b - 3 +2 arrows (in quiver). You see here a lizard corpse. W - a lizard corpse. You stop exploring. The soldier ant bites! The soldier ant stings! The arrow misses the soldier ant. The soldier ant bites! The soldier ant stings! The arrow hits the soldier ant. The soldier ant bites! The soldier ant stings! The soldier ant bites! The soldier ant stings! You die... Final status: Goodbye woodfighter the Ranger, killed by a soldier ant... You died in The Dungeons of Doom on dungeon level 7 with 6708 points, and 766 pieces of gold, after 3151 moves. You were level 6 with a maximum of 43 hit points when you died.